 Dungeon Crawl Stone Soup version 0.31-a0-632-g766dd24fdf (webtiles) character file.

Game seed: 5570604570473115804

1068 Shayle the Trooper (level 8, -1/87 HPs)
             Began as an Ogre Shapeshifter on Aug 25, 2023.
             Was an Initiate of Kikubaaqudgha.
             Slain by a scorpion (2 damage)
             ... on level 6 of the Dungeon.
             The game lasted 00:23:58 (5003 turns).

Shayle the Trooper (Ogre Shapeshifter)              Turns: 5003, Time: 00:23:59

Health: -1/87      AC:  4    Str: 20    XL:     8   Next: 28%
Magic:  16/16      EV:  9    Int: 11    God:    Kikubaaqudgha [......]
Gold:   207        SH:  0    Dex:  9    Spells: 18/18 levels left

rFire   . . .        r - +0 long sword (holy)
rCold   + . .        (no shield)
rNeg    . . .        a - +1 animal skin
rPois   .            (helmet currently unavailable)
rElec   .            (cloak currently unavailable)
rCorr   .            (gloves unavailable)
SInv    .            (boots unavailable)
Will    .....        m - amulet of regeneration
Stlth   +            f - ring of wizardry
HPRegen 1.14/turn    o - ring of protection from cold
MPRegen 0.15/turn

%: wizardry (x1)
@: mighty, beast-form
A: beast (slay +1), large, unfitting armour, tough skin 1
a: Begin Untransformation, Renounce Religion


You were on level 6 of the Dungeon.
You worshipped Kikubaaqudgha.
Kikubaaqudgha was noncommittal.
You were a hulking beast.
You visited 2 branches of the dungeon, and saw 7 of its levels.
You also visited: Sewer.

You collected 207 gold pieces.

Inventory:

Hand Weapons
 r - a +0 long sword of holy wrath (weapon)
 t - a +3 short sword of protection
Armour
 a - a +1 animal skin (worn)
Jewellery
 f - a ring of wizardry (left hand)
 m - an amulet of regeneration (around neck)
 o - a ring of protection from cold (right hand)
Talismans
 c - a beast talisman (active)
 d - a flux talisman
Scrolls
 e - a scroll of acquirement {unknown}
 j - 3 scrolls of fear
 k - a scroll of identify
 s - a scroll of poison
 u - a scroll of revelation
Potions
 h - a potion of resistance
 i - 3 potions of enlightenment
 l - a potion of berserk rage {unknown}
 p - a potion of brilliance {unknown}
 q - a potion of mutation {unknown}


   Skills:
 + Level 7.3 Fighting
 - Level 1.7 Dodging
 - Level 5.2 Unarmed Combat
 + Level 5.6 Spellcasting
 + Level 1.8 Necromancy
 - Level 3.0 Shapeshifting


You had 18 spell levels left.
You didn't know any spells.
Your spell library was empty.

Dungeon Overview and Level Annotations

Branches:
Dungeon (6/15)             Temple (1/1) D:5           Sewer (visited)

Altars:
Ashenzari
Cheibriados
Dithmenos
Elyvilon
Fedhas
Gozag
Hepliaklqana
Kikubaaqudgha
Makhleb
Nemelex Xobeh
Qazlal
Ru
Sif Muna
Vehumet
Wu Jian
Xom
Yredelemnul
Zin
The Shining One

Annotations:
D:4 1 runed translucent door, Crazy Yiuf


Innate Abilities, Weirdness & Mutations

You are a hulking beast.
Your limbs bulge with bestial killing power. (Slay +1)
You are too large for most types of armour.
You have tough skin. (AC +1)


Message History

The steam dragon breathes steam at you. The ball of steam hits you!
You slash the steam dragon!
The steam dragon is moderately wounded.
You are engulfed in a cloud of scalding steam.
* * * LOW HITPOINT WARNING * * *
The steam dragon closely misses you. The steam dragon claws you.
* * * LOW HITPOINT WARNING * * *
The steam dragon bites you!
* * * LOW HITPOINT WARNING * * *
The steam dragon misses you.
A scorpion comes into view.
The steam dragon closely misses you.
The steam dragon claws you but does no damage.
You hit the steam dragon. You punch the steam dragon!
The steam dragon is severely wounded.
The steam dragon bites you but does no damage.
The steam dragon barely misses you.
You barely miss the steam dragon.
The steam dragon is severely wounded.
The steam dragon bites you.
* * * LOW HITPOINT WARNING * * *
The steam dragon claws you.
* * * LOW HITPOINT WARNING * * *
The steam dragon barely misses you. x2
You barely miss the steam dragon.
The steam dragon is severely wounded.
The steam dragon bites you but does no damage.
The steam dragon claws you.
* * * LOW HITPOINT WARNING * * *
Unknown command.
You closely miss the steam dragon.
The steam dragon is severely wounded.
The steam dragon bites you!
* * * LOW HITPOINT WARNING * * *
The steam dragon claws you.
* * * LOW HITPOINT WARNING * * *
The scorpion stings you.
You die...
Kikubaaqudgha rasps: "You have failed me!
Welcome... death!"

........# #..>...#
........# #..§...#
........# #......###
........# #........#
.......## ##?.....#
........#####...§...#
......†)....#.#.##.##
.........((....D...####.
......####..))).h.......
......# #...####s....#.
......# #.))').#.......
......# ##.)#).#.....#.
......# #..####.......
....[.# .'... .....#.
......# ..#.... .......
......#####..### .....#.
#.#...# ...#


You could see a steam dragon and a scorpion.

Vanquished Creatures
  2 sky beasts (D:6)
  A phantom (D:5)
  3 kobold brigands
  A howler monkey (D:6)
  2 hounds (D:6)
  A jelly (D:4)
  3 orc priests
  Terence (D:2)
  Jessica (D:2)
  A sleepcap (D:4)
  2 iguanas
  2 orc wizards (D:5)
  A mummy (D:4)
  2 river rats (Sewer)
  6 adders
  A shadow imp (D:6)
  A white imp (D:5)
  3 ufetubi (D:5)
  2 worms
  2 dart slugs
  19 orcs
  7 endoplasms
  2 giant cockroaches
  9 goblins
  7 hobgoblins
  8 jackals
  26 kobolds
  3 quokkas
  8 ball pythons
  3 bats
  4 frilled lizards
  A hobgoblin zombie (D:4)
  3 kobold zombies (D:4)
  3 rats (Sewer)
141 creatures vanquished.

Notes
Turn   | Place    | Note
-------+----------+-------------------------------------------
     0 | D:1      | Shayle the Ogre Shapeshifter began the quest for the Orb.
     0 | D:1      | Reached XP level 1. HP: 19/19 MP: 1/1
   107 | D:1      | Reached XP level 2. HP: 20/28 MP: 1/3
   166 | D:1      | Reached skill level 2 in Fighting
   180 | D:1      | Reached skill level 1 in Spellcasting
   489 | D:1      | Reached XP level 3. HP: 36/36 MP: 3/5
   726 | D:2      | Noticed Terence
   744 | D:2      | Killed Terence
   745 | D:2      | Reached skill level 3 in Fighting
  1104 | D:2      | Noticed Jessica
  1114 | D:2      | Reached XP level 4. HP: 40/45 MP: 6/6
  1119 | D:2      | Killed Jessica
  1641 | D:3      | Found a shimmering blue altar of Sif Muna.
  1712 | D:3      | Found a glowing drain.
  1733 | D:3      | Reached XP level 5. HP: 41/54 MP: 8/8
  1750 | D:3      | Reached skill level 4 in Fighting
  1793 | Sewer    | Entered a sewer
  1816 | Sewer    | Reached XP level 6. HP: 58/63 MP: 10/10
  2074 | Sewer    | HP: 3/65 [kobold brigand/+0 short sword (3)]
  2082 | Sewer    | Reached skill level 5 in Fighting
  2154 | Sewer    | Found a white marble altar of Elyvilon.
  2932 | D:4      | Found a runed translucent door.
  2933 | D:4      | Noticed Crazy Yiuf
  3032 | D:4      | Reached XP level 7. HP: 51/72 MP: 13/13
  3469 | D:5      | Entered Level 5 of the Dungeon
  3532 | D:5      | Reached skill level 6 in Fighting
  3740 | D:5      | Reached skill level 5 in Unarmed Combat
  3919 | D:5      | Reached skill level 5 in Spellcasting
  4153 | D:5      | Found an ornate altar of the Wu Jian Council.
  4232 | D:5      | Found a staircase to the Ecumenical Temple.
  4246 | Temple   | Entered the Ecumenical Temple
  4316 | Temple   | Became a worshipper of Kikubaaqudgha
  4748 | D:6      | Reached skill level 1 in Necromancy
  4748 | D:6      | Reached XP level 8. HP: 35/84 MP: 14/16
  4830 | D:6      | Reached skill level 7 in Fighting
  5003 | D:6      | HP: 1/87 [steam dragon (4)]
  5003 | D:6      | Slain by a scorpion

Illustrated notes

Levels and vault maps discovered:
D:1:      evilmike_arrival_crescent, layout_basic
D:2:      layout_loops_cross, uniq_terence, uniq_jessica
D:3:      layout_loops_ring, mainiacjoe_overflow_tiny_flanked,
          gup_sewer_entry_glass
D:4:      layout_loops_ring, kennysheep_nondescript, reono_crystal_passage,
          minmay_mini_ossuary, uniq_crazy_yiuf_cottage
D:5:      kennysheep_kobold_camp, layout_cave_pools, lemuel_round_altar,
          minmay_temple_entry_glassed_door
D:6:      corexii_shack_village, layout_rooms, mainiacjoe_overflow_catwalk,
          st_stairs_12
Temple:   minmay_temple_bridge_d

Skill      XL: |  1  2  3  4  5  6  7  8 |
---------------+-------------------------+-----
Fighting       | 2 3 4 5 6 7 |  7.3
Spellcasting   | 1 2 3 4 5 |  5.6
Unarmed Combat | 3 4 5 |  5.2
Necromancy     | 1 |  1.8
Dodging        | |  1.7
Shapeshifting  | |  3.0

Action                     |  1- 3 |  4- 6 |  7- 9 || total
---------------------------+-------+-------+-------++-------
  Melee: Unarmed           |    88 |   195 |    20 ||   303
         Punch             |       |     6 |    10 ||    16
         Long sword        |       |       |   288 ||   288
  Throw: Dart              |       |     1 |     2 ||     3
    Use: Potion            |       |     3 |     7 ||    10
         Scroll            |       |     5 |     5 ||    10
   Stab: Invisible         |       |       |     2 ||     2
 Armour: Animal skin       |    24 |    43 |   117 ||   184
         Skin              |       |     6 |       ||     6
  Dodge: Dodged            |    28 |    70 |   208 ||   306

Table legend: (Time is in decaauts)
 A = Elapsed time spent in this place.
 B = Non-inter-level travel time spent in this place.
 C = Inter-level travel time spent in this place.
 D = Time resting spent in this place.
 E = Time spent auto-exploring this place.
 F = Levels seen in this place.
 G = Mean time per level.
                   A        B        C        D        E       F      G
               +--------+--------+--------+--------+--------+-----+--------+
         Total |   5150 |   4837 |    313 |    441 |   2880 |   8 |  643.8 |
       Dungeon |   4552 |   4377 |    175 |    295 |   2803 |   6 |  758.7 |
        Temple |    142 |      4 |    138 |      0 |      0 |   1 |  142.0 |
         Sewer |    455 |    455 |      0 |    146 |     77 |   1 |  455.0 |
               +--------+--------+--------+--------+--------+-----+--------+

Top non-repeatable levels by time:
     D:5: 1130 daAuts
     D:4: 880 daAuts
     D:2: 754 daAuts
     D:3: 726 daAuts
     D:1: 685 daAuts
   Sewer: 455 daAuts
     D:6: 374 daAuts
  Temple: 142 daAuts
